 Dungeon Crawl Stone Soup version 0.30-a0-331-g8ab09dc110 (webtiles) character file.

Game seed: 359204021725524483

36 oldriver the Magician (level 3, -5/26 HPs)
             Began as a Human Hedge Wizard on Oct 29, 2022.
             Slain by Grinder (6 damage)
             ... on level 3 of the Dungeon.
             The game lasted 00:02:25 (2043 turns).

oldriver the Magician (Human Hedge Wizard)          Turns: 2043, Time: 00:02:26

Health: -5/26      AC:  2    Str: 10    XL:     3   Next: 57%
Magic:  8/8        EV: 12    Int: 16    God:
Gold:   39         SH:  0    Dex: 12    Spells: 8/9 levels left

rFire   . . .      SeeInvis .    i - +0 short sword (flame)
rCold   . . .      Faith    .    (no shield)
rNeg    . . .      Spirit   .    b - +0 robe
rPois   .          Reflect  .    c - +0 hat
rElec   .          Harm     .    (no cloak)
rCorr   .          Rampage  .    (no gloves)
Will    .....                    (no boots)
Stlth   ++........               (no amulet)
HPRegen 0.24/turn                (no ring)
MPRegen 0.11/turn                (no ring)

@: no status effects
A: no striking features
a: no special abilities


You were on level 3 of the Dungeon.
You visited 1 branch of the dungeon, and saw 3 of its levels.

You collected 39 gold pieces.

Inventory:

Hand Weapons
 i - a +0 short sword of flaming (weapon)
Armour
 b - a +0 robe (worn)
 c - a +0 hat (worn)
Jewellery
 f - an amulet of guardian spirit
Scrolls
 e - a scroll of fear {unknown}
Potions
 a - a potion of degeneration
 d - a potion of magic


   Skills:
 + Level 1.5 Fighting
 - Level 2.0 Dodging
 - Level 2.0 Stealth
 * Level 3.6 Spellcasting
 + Level 1.4 Conjurations
 - Level 1.0 Summonings
 - Level 1.0 Translocations


You had 8 spell levels left.
You knew the following spells:

 Your Spells              Type           Power      Damage    Failure   Level
a - Magic Dart            Conj           28%        1d4       10%         1

Your spell library contained the following spells:

 Spells                   Type           Power      Damage    Failure   Level
 Slow                     Hex            8%         N/A       19%         1
 Blink                    Tloc           12%        N/A       19%         2
 Call Imp                 Summ           6%         N/A       19%         2
 Cigotuvi's Dreadful Rot  Necr/Pois/Air  4%         N/A       26%         2
 Mephitic Cloud           Conj/Pois/Air  4%         N/A       41%         3
 Portal Projectile        Hex/Tloc       8%         N/A       41%         3
 Tukima's Dance           Hex            2%         N/A       47%         3
 Blade Hands              Tmut           1%         N/A       99%         5


Dungeon Overview and Level Annotations

Branches:
Dungeon (3/15)

Altars:
Cheibriados

Shops:
D:2 [

Annotations:
D:2 Robin
D:3 Grinder


Message History

Casting: Magic Dart (safe; 10% risk of failure)
Confirm with . or Enter, or press ? or * to list all spells.
Aiming: Magic Dart (safe; 10% risk of failure)
Press: ? - help, Shift-Dir - straight line, f/p - Grinder
Aim: Grinder (lightly wounded, 100% to hit)
The magic dart hits Grinder but does no damage.
Grinder is lightly wounded.
Grinder hits you but does no damage.
Unknown command.
Casting: Magic Dart (safe; 10% risk of failure)
Confirm with . or Enter, or press ? or * to list all spells.
Aiming: Magic Dart (safe; 10% risk of failure)
Press: ? - help, Shift-Dir - straight line, f/p - Grinder
Aim: Grinder (lightly wounded, 100% to hit)
The magic dart hits Grinder.
Grinder is lightly wounded.
Grinder hits you but does no damage.
Unknown command.
As you read the scroll labelled FITZEO PERIYVVEM, it crumbles to dust.
It is a scroll of identify.
a - a potion of degeneration Grinder hits you but does no damage.
Okay, then.
Magic courses through your body.
You feel less wooden.
Your +0 hat unmelds from your body.
Your +0 robe unmelds from your body.
Grinder gestures at you.
You suddenly lose the ability to move!
Your magical contamination has completely faded away.
Grinder hits you.
You writhe in agony.
Grinder hits you but does no damage. Grinder hits you.
You writhe in agony.
* * * LOW HITPOINT WARNING * * *
Grinder completely misses you.
You can move again.
Grinder attacks as you move away! Grinder barely misses you.
Grinder attacks as you move away! Grinder hits you.
* * * LOW HITPOINT WARNING * * *
You writhe in agony.
You die...

### ..# #.# #
#.# ...##
###.#
#.....#<#.#
..#.....####
.............#
.####.####@..#
.... #5..#
#...... #..##
#.......#..#
....._.ยง...##
.#.......#.#
......#.#
..... #.#
##.## #..


You could see Grinder.

Vanquished Creatures
  A worm (D:2)
  5 bats (D:1)
  2 endoplasms (D:1)
  2 giant cockroaches (D:1)
  5 goblins
  3 hobgoblins
  3 jackals (D:1)
  A quokka (D:1)
  A ball python (D:1)
  3 kobolds
  3 rats (D:1)
29 creatures vanquished.

Notes
Turn   | Place    | Note
-------+----------+-------------------------------------------
     0 | D:1      | oldriver the Human Hedge Wizard began the quest for the
                  | Orb.
     0 | D:1      | Reached XP level 1. HP: 13/13 MP: 4/4
   350 | D:1      | Reached XP level 2. HP: 20/20 MP: 0/6
   414 | D:1      | Reached skill level 1 in Fighting
   972 | D:1      | Reached XP level 3. HP: 24/26 MP: 1/7
  1880 | D:2      | Found Recum's Antique Armour Emporium.
  1922 | D:2      | Noticed Robin
  2002 | D:3      | Found a snail-covered altar of Cheibriados.
  2003 | D:3      | Noticed Grinder
  2006 | D:3      | Paralysed by Grinder for 5 turns
  2018 | D:3      | Paralysed by Grinder for 4 turns
  2036 | D:3      | Paralysed by Grinder for 5 turns
  2043 | D:3      | HP: 1/26 [Grinder (6)]
  2043 | D:3      | Slain by Grinder

Illustrated notes

Levels and vault maps discovered:
D:1:      dpeg_arrival_boxorama, layout_loops_ring, st_stairs_4,
          minmay_crystal_room
D:2:      layout_loops_corners, serial_shops, shop, basic_altar,
          minmay_worlds_worst_comb, uniq_robin, uniq_jessica
D:3:      layout_basic, old_standard_altar,
          dreamdust_ecumenical_altar_drowned_temple, minmay_mini_jars,
          uniq_natasha, uniq_sigmund, uniq_grinder

Skill      XL: |  1  2 |
---------------+-------+-----
Fighting       | 1 |  1.5
Dodging        | |  2.0
Stealth        | |  2.0
Spellcasting   | |  3.6
Conjurations   | |  1.4
Summonings     | |  1.0
Translocations | |  1.0

Action                   || total
-------------------------++-------
Melee: Dagger            ||    27
       Short sword       ||     5
 Cast: Magic Dart        ||    89
  Use: Potion            ||     2
       Scroll            ||     1
Armor: Robe              ||     6
       Skin              ||     7
Dodge: Dodged            ||    27

Table legend: (Time is in decaauts)
 A = Elapsed time spent in this place.
 B = Non-inter-level travel time spent in this place.
 C = Inter-level travel time spent in this place.
 D = Time resting spent in this place.
 E = Time spent auto-exploring this place.
 F = Levels seen in this place.
 G = Mean time per level.
                   A        B        C        D        E       F      G
               +--------+--------+--------+--------+--------+-----+--------+
         Total |   2042 |   2032 |     10 |    292 |   1434 |   3 |  680.7 |
       Dungeon |   2042 |   2032 |     10 |    292 |   1434 |   3 |  680.7 |
               +--------+--------+--------+--------+--------+-----+--------+

Top non-repeatable levels by time:
     D:1: 1651 daAuts
     D:2: 288 daAuts
     D:3: 102 daAuts
